 Dungeon Crawl Stone Soup version 0.18.1-50-g88ac8fd (webtiles) character file.

136 Korbac the Ducker (level 5, -1/40 HPs)
             Began as a Merfolk Gladiator on Oct 16, 2016.
             Killed by divine providence
             ... invoked by an orc priest
              (12 damage)
             ... on level 3 of the Dungeon.
             The game lasted 00:12:23 (2781 turns).

Korbac the Ducker (Merfolk Gladiator)               Turns: 2781, Time: 00:12:24

Health: -1/40      AC:  6    Str: 16    XL:     5   Next: 19%
Magic:  5/5        EV: 14    Int:  8    God:
Gold:   163        SH:  3    Dex: 14    Spells: 0 memorised, 4 levels left

rFire  . . .     SeeInvis .     a - +1 trident
rCold  . . .     Gourm    .     b - +0 leather armour
rNeg   . . .     Faith    .     i - +0 buckler
rPois  .         Spirit   .     c - +0 helmet
rElec  .         Dismiss  .     (no cloak)
rCorr  .         Reflect  .     m - +0 pair of gloves
SustAt .         Harm     .     k - +0 pair of boots
MR     .....                    (no amulet)
Stlth  +.........               (no ring)
                                (no ring)

@: not resistant to hostile enchantments, very unstealthy
A: change form in water, swift swim
a: no special abilities


You were on level 3 of the Dungeon.
You were full.

You visited 1 branch of the dungeon, and saw 3 of its levels.

You collected 163 gold pieces.

Inventory:

Hand Weapons
 a - a +1 trident (weapon)
Missiles
 d - 3 throwing nets (quivered)
Armour
 b - a +0 leather armour (worn)
 c - a +0 helmet (worn)
 i - a +0 buckler (worn)
 k - a +0 pair of boots (worn)
 m - a +0 pair of gloves (worn)
Scrolls
 e - 2 scrolls of immolation
 g - a scroll of magic mapping
 h - a scroll of identify
 p - a scroll of blinking {unknown}
Potions
 j - a potion of cancellation
 l - a potion of agility {unknown}
 n - a potion of ambrosia {unknown}
 o - 2 potions of heal wounds
Comestibles
 f - 2 bread rations
 q - a royal jelly
 r - 2 fruits


   Skills:
 * Level 2.9 Fighting
 * Level 5.4 Polearms
 + Level 2.2 Throwing
 + Level 1.3 Armour
 * Level 5.5 Dodging
 + Level 0.4 Shields


You had 4 spell levels left.
You didn't know any spells.

Dungeon Overview and Level Annotations

Branches:
Dungeon (3/15)

Altars:


Message History

The orc wizard seems to speed up.
You hit the orc wizard but do no damage.
The orc wizard misses you.
The orc wizard casts a cantrip, but nothing happens.
The orc wizard casts a spell at you. The puff of frost hits you!
You hit the orc wizard.
The orc wizard is moderately wounded.
The orc wizard hits you but does no damage. x2
Found a stone staircase leading down.
The orc wizard hits you but does no damage.
The orc wizard casts a spell at you. The puff of frost hits you!
The orc wizard gestures at you while chanting.
The magic dart hits you!
* * * LOW HITPOINT WARNING * * *
The orc wizard hits you but does no damage.
The orc priest mumbles some strange prayers to Beogh against you.
Beogh smites you!
You die...

.......
#...................... #...#
#...................... #.##
#...................... #.)#
#......................
###.#############...........)
#....oo......................
#.........########...........
#......o.oo..# ##.....##...
#........###@## #..#### ##.
#.........##....###.##
#.........#####.....# ##
#...................########.
#........#######.......>...#.
#..>.....# #......####.#.
####### ######## #... ####


You could see an orc priest, 2 orc wizards and 2 orcs.

Vanquished Creatures
  The ghost of Shufflesack the Magician, a weakling DEWz (D:3)
  A gnoll (D:1)
  An adder (D:3)
  An adder zombie (D:1)
  2 worms (D:2)
  4 dart slugs
  2 giant geckos
  5 orcs
  A bat zombie (D:1)
  A giant cockroach (D:3)
  7 goblins
  9 hobgoblins
  A quokka (D:3)
  9 bats
  4 giant newts
  A jackal zombie (D:3)
  8 kobolds
  3 rats
61 creatures vanquished.

Notes
Turn   | Place    | Note
--------------------------------------------------------------
     0 | D:1      | Korbac the Merfolk Gladiator began the quest for the Orb.
     0 | D:1      | Reached XP level 1. HP: 16/16 MP: 1/1
    96 | D:1      | Reached XP level 2. HP: 18/23 MP: 2/2
   509 | D:1      | Reached XP level 3. HP: 18/28 MP: 3/3
  1194 | D:2      | Reached skill level 5 in Polearms
  1217 | D:2      | Reached skill level 1 in Armour
  1312 | D:2      | Reached XP level 4. HP: 24/34 MP: 4/4
  1471 | D:2      | Reached skill level 5 in Dodging
  1533 | D:3      | Noticed Shufflesack's ghost (weakling DEWz)
  2194 | D:3      | Killed Shufflesack's ghost
  2398 | D:3      | Reached XP level 5. HP: 31/40 MP: 5/5
  2781 | D:3      | Killed from afar by an orc priest

Skill      XL: |  1  2  3  4 |
---------------+-------------+-----
Polearms       | 5 |  5.4
Armour         | 1 |  1.3
Dodging        | 5 |  5.5
Fighting       | |  2.9
Throwing       | |  2.2
Shields        | |  0.4

Action                   |  1- 3 |  4- 6 || total
-------------------------+-------+-------++-------
Melee: Trident           |   129 |   109 ||   238
       Tailslap          |     1 |       ||     1
  Use: Scroll            |     4 |     6 ||    10
       Potion            |       |     1 ||     1
  Eat: Bread ration      |     2 |     1 ||     3
Armor: Leather armour    |    43 |    35 ||    78
Dodge: Dodged            |   125 |    59 ||   184
Block: Buckler           |    22 |    21 ||    43
